 Dungeon Crawl Stone Soup version 0.21.1-1-g345015fe64 (webtiles) character file.

28959 Htamos the Severer (level 13, -5/127 HPs)
             Began as a Hill Orc Abyssal Knight on July 16, 2018.
             Was a High Priest of Lugonu.
             Slain by a frost giant
             ... wielding a +4 battleaxe of freezing
              (27 damage)
             ... in an ice cave.
             The game lasted 00:42:39 (19507 turns).

Htamos the Severer (Hill Orc Abyssal Knight)       Turns: 19507, Time: 00:42:40

Health: -5/127     AC: 19    Str: 20    XL:     13   Next: 42%
Magic:  13/24      EV: 10    Int: 12    God:    Lugonu [*****.]
Gold:   1114       SH:  0    Dex: 10    Spells: 12/12 levels left

rFire    . . .     SeeInvis .   m - +3 battleaxe (chop)
rCold    + + .     Gourm    .   (shield currently unavailable)
rNeg     + . .     Faith    .   k - +3 scale mail {rC+}
rPois    .         Spirit   .   z - +0 helmet
rElec    .         Reflect  .   h - +0 cloak
rCorr    .         Harm     .   A - +0 pair of gloves
MR       .....     Clarity  +   e - +2 pair of boots
Stlth    ..........             (no amulet)
HPRegen  0.31/turn              t - ring of protection from cold
MPRegen  0.19/turn              n - ring of positive energy

@: about to teleport
A: clarity, robust 1
a: Depart the Abyss, Bend Space, Banish, Corrupt, Enter the Abyss, Renounce
Religion


You were in an ice cave.
You worshipped Lugonu.
Lugonu was extremely pleased with you.
You were very hungry.

You visited 2 branches of the dungeon, and saw 15 of its levels.
You visited the Abyss 1 time.
You also visited: Ice Cave.

You collected 1114 gold pieces.

Inventory:

Hand Weapons
 a - a +2 hand axe
 d - a +1 whip of flaming
 j - a +0 triple sword of holy wrath
 l - a +4 dagger
 m - a +3 battleaxe of chopping (weapon)
 r - a +1 dagger of distortion
 B - a +0 arbalest
 P - a +2 scimitar of holy wrath
 Q - the +10 hunting sling of the Inferno {speed, rC+ rN+++ MR++ Int-2 Stlth-, unknown}
   (You took it off an orc warrior on level 9 of the Dungeon)

   Attacks with this weapon are significantly faster.
   It affects your intelligence (-2).
   It protects you from cold.
   It renders you almost immune to negative energy.
   It affects your resistance to hostile enchantments.
   It makes you less stealthy.
 V - a +3 demon trident
Armour
 e - a +2 pair of boots (worn)
 f - a +2 chain mail of fire resistance
 h - a +0 cloak (worn)
 k - a +3 scale mail of cold resistance (worn)
 z - a +0 helmet (worn)
 A - a +0 pair of gloves (worn)
 D - a +0 shield
 F - a +0 troll leather armour
 T - +5 shadow dragon scales
Magical Staves
 E - an uncursed staff of conjuration {unknown}
Jewellery
 b - an uncursed ring of poison resistance
 n - a ring of positive energy (right hand)
 s - an uncursed ring of magical power
 t - a ring of protection from cold (left hand)
 y - an uncursed ring of teleportation
 C - an uncursed ring of resist corrosion
 I - an uncursed ring of see invisible {unknown}
 J - an uncursed ring of magical power
 M - a -5 ring of slaying
 N - an uncursed ring of fire
Wands
 i - a wand of paralysis (25)
 O - a wand of flame (11)
 S - a wand of random effects (41)
 Y - a wand of disintegration (12)
 Z - a wand of digging (17)
Scrolls
 g - 7 scrolls of remove curse
 o - 14 scrolls of identify
 q - 2 scrolls of enchant weapon
 v - 2 scrolls of teleportation
 K - a scroll of enchant armour
 R - a scroll of magic mapping
Potions
 u - 2 potions of degeneration
 w - 2 potions of curing
 H - a potion of cancellation {unknown}
 L - a potion of mutation
Books
 x - a book of Frost

   Spells                             Type                      Level
   a - Freeze                         Ice                          1
   b - Throw Frost                    Conjuration/Ice              2
   c - Ozocubu's Armour               Charms/Ice                   3
   d - Throw Icicle                   Conjuration/Ice              4
   e - Summon Ice Beast               Ice/Summoning                4
 G - a book of Cantrips

   Spells                             Type                      Level
   a - Confusing Touch                Hexes                        1
   b - Animate Skeleton               Necromancy                   1
   c - Summon Small Mammal            Summoning                    1
   d - Apportation                    Translocation                1
 U - a book of Misfortune

   Spells                             Type                      Level
   a - Confusing Touch                Hexes                        1
   b - Confuse                        Hexes                        3
   c - Gell's Gravitas                Translocation                3
   d - Petrify                        Transmutation/Earth          4
   e - Metabolic Englaciation         Hexes/Ice                    5
   f - Yara's Violent Unravelling     Hexes/Transmutation          5
Miscellaneous
 W - a box of beasts
 X - a sack of spiders
Comestibles
 c - 20 rations


   Skills:
 + Level 11.4 Fighting
 + Level 17.0 Axes
 + Level 10.2 Armour
 - Level 0.7 Dodging
 * Level 15.3 Invocations


You had 12 spell levels left.
You didn't know any spells.

Dungeon Overview and Level Annotations

Branches:
Dungeon (11/15)            Temple (0/1) D:6            Lair (4/6) D:11
  Swamp (0/4) Lair:2       Spider (0/4) Lair:2          Orc (0/2) D:9

Altars:
Ru
Uskayaw

Shops:
D:6 =   D:9 (


Innate Abilities, Weirdness & Mutations

You possess an exceptional clarity of mind.
You are robust. (+10% HP)


Message History

Aim: a frost giant, wielding a battleaxe of freezing (moderately wounded, chance to defeat MR: 45%)
The frost giant resists with some effort.
You feel somewhat more hungry.
The frost giant hits you with a battleaxe of freezing!
* * * LOW HITPOINT WARNING * * *
The frost giant freezes you.
* * * LOW HITPOINT WARNING * * *
Press: ? - help, Shift-Dir - straight line, f/p - frost giant
Aim: a frost giant, wielding a battleaxe of freezing (moderately wounded, chance to defeat MR: 45%)
The frost giant resists with some effort.
You are feeling very hungry.
The frost giant hits you with a battleaxe of freezing!!
* * * LOW HITPOINT WARNING * * *
The frost giant freezes you.
* * * LOW HITPOINT WARNING * * *
Okay, then.
As you read the scroll of teleportation, it crumbles to dust.
You feel strangely unstable.
The frost giant hits you with a battleaxe of freezing!!
You die...

#.#.#.#.#
#.#####.##
#.## ##.#
#..####.##
##..##.##
##.##.##
#..##.#
....
##.##.##
.h..
##..###@#


hkh.. ##..###hC## ..hC. #...#.[##h# .hYh #...#.#.#h###..# #..###.≈...#..# #..#
##≈##...# #.## ≈#≈≈##.## #.## ≈≈≈≈≈### ##.##≈≈≈≈≈## You could see a frost giant
and 3 polar bears.

Vanquished Creatures
  Rupert (Lair:3)
  Urug (D:10)
  Sonja (Lair:1)
  Pikel (D:5)
  An orb spider (Lair:2)
  An ugly thing (D:10)
  An ice statue (IceCv)
  2 black mambas (Lair:3)
  Psyche (D:8)
  3 spiny frogs
  A rime drake (IceCv)
  2 komodo dragons (Lair:3)
  2 ice devils (Lair:4)
  2 trolls
  15 polar bears (IceCv)
  A hornet (D:9)
  3 blink frogs (Lair:2)
  4 hippogriffs
  4 dream sheep (Lair:2)
  Sigmund (D:6)
  23 yaks
  4 wyverns
  A human (D:10)
  3 hungry ghosts
  3 hogs (D:10)
  A steam dragon (D:8)
  7 vampire mosquitoes (Lair:2)
  3 wargs (D:11)
  4 water moccasins
  2 black bears
  3 porcupines
  7 orc warriors
  4 slaves (D:5)
  A sky beast (D:9)
  3 ice beasts
  2 phantoms
  2 ogres
  8 centaurs
  15 wolves (IceCv)
  4 crocodiles
  A big kobold (D:10)
  4 bullfrogs
  A water moccasin zombie (D:5)
  4 scorpions
  15 killer bees
  14 wights
  A howler monkey (D:9)
  2 electric eels
  2 jellies
  3 crimson imps
  A bullfrog zombie (D:9)
  5 hounds
  8 orc priests
  2 centaur skeletons
  A bullfrog skeleton (D:11)
  8 orc wizards
  Terence (D:2)
  5 iguanas
  7 worker ants
  A howler monkey zombie (D:9)
  8 gnolls
  A worker ant zombie (D:3)
  A howler monkey skeleton (D:4)
  12 adders
  A shadow imp (D:6)
  An adder zombie (D:10)
  5 worms
  A dart slug (D:3)
  9 leopard geckos
  47 orcs
  10 giant cockroaches
  6 goblins
  9 hobgoblins
  6 jackals
  4 quokkas
  5 ball pythons
  13 bats
  5 frilled lizards
  A jackal zombie (D:8)
  5 kobolds
  3 quokka skeletons
  7 rats
  A fungus (Lair:3)
  A plant (Lair:3)
396 creatures vanquished.

Vanquished Creatures (others)
  2 hydras
  The ghost of Goboxel the Slasher, a novice DsGl of Yredelemnul (D:6)
  2 polar bears (IceCv)
  3 yaks (IceCv)
  2 wolves (IceCv)
  A fungus (Lair:3)
11 creatures vanquished.

Grand Total: 407 creatures vanquished

Notes
Turn   | Place    | Note
-------+----------+-------------------------------------------
     0 | Abyss:1  | Htamos the Hill Orc Abyssal Knight began the quest for the Orb.
     0 | Abyss:1  | Reached XP level 1. HP: 19/19 MP: 2/2
    20 | Abyss:1  | Found a corrupted altar of Lugonu.
   169 | Abyss:1  | Noticed a starcursed mass
   173 | D:1      | Escaped the Abyss
   503 | D:1      | Reached skill level 3 in Axes
   560 | D:1      | Reached skill level 4 in Axes
   560 | D:1      | Reached XP level 2. HP: 23/26 MP: 3/3
   640 | D:1      | Reached XP level 3. HP: 21/31 MP: 4/4
   931 | D:1      | Reached * piety under Lugonu
  1588 | D:2      | Reached skill level 5 in Axes
  1761 | D:2      | Reached XP level 4. HP: 39/39 MP: 5/5
  2082 | D:2      | Reached skill level 6 in Axes
  2096 | D:2      | Found a sacrificial altar of Ru.
  2113 | D:2      | Noticed Terence
  2135 | D:2      | Killed Terence
  2355 | D:2      | Reached XP level 5. HP: 7/45 MP: 6/6
  2608 | D:3      | Reached skill level 7 in Axes
  2868 | D:3      | Reached skill level 8 in Axes
  2868 | D:3      | Reached XP level 6. HP: 37/51 MP: 7/7
  2978 | D:3      | Reached ** piety under Lugonu
  3854 | D:4      | Reached skill level 9 in Axes
  4254 | D:4      | Reached XP level 7. HP: 48/57 MP: 8/8
  4427 | D:4      | Reached *** piety under Lugonu
  4665 | D:5      | Entered Level 5 of the Dungeon
  4738 | D:5      | Reached skill level 10 in Axes
  5123 | D:5      | Reached skill level 11 in Axes
  5177 | D:5      | Reached XP level 8. HP: 41/64 MP: 9/9
  5872 | D:5      | Noticed Pikel
  5944 | D:5      | Killed Pikel
  5944 | D:5      | Reached skill level 13 in Axes
  6377 | D:6      | Found a staircase to the Ecumenical Temple.
  6385 | D:6      | Noticed Sigmund
  6385 | D:6      | Noticed a hippogriff
  6387 | D:6      | Noticed Goboxel's ghost (novice DsGl)
  6749 | D:5      | Killed a hippogriff
  6753 | D:5      | Reached skill level 14 in Axes
  6753 | D:5      | Reached XP level 9. HP: 34/70 MP: 10/10
  7227 | D:6      | Banished Goboxel's ghost
  7460 | D:6      | Reached skill level 5 in Fighting
  7513 | D:6      | Killed Sigmund
  7538 | D:6      | Found Mynum's Jewellery Shoppe.
  7928 | D:7      | Reached skill level 5 in Invocations
  8312 | D:7      | Reached skill level 5 in Armour
  8604 | D:8      | Reached XP level 10. HP: 45/83 MP: 14/14
  9106 | D:8      | Noticed Psyche
  9111 | D:8      | Killed Psyche
  9262 | D:8      | Reached **** piety under Lugonu
 10020 | D:9      | Found a staircase to the Orcish Mines.
 10020 | D:9      | Found Keuxas's Weapon Shoppe.
 10244 | D:9      | Got a dazzling hunting sling
 10374 | D:9      | Reached ***** piety under Lugonu
 10402 | D:9      | Reached skill level 15 in Axes
 10451 | D:9      | Paralysed by a hornet for 2 turns
 10583 | D:9      | Reached XP level 11. HP: 94/94 MP: 18/18
 10891 | D:9      | Reached skill level 10 in Invocations
 10980 | D:10     | Entered Level 10 of the Dungeon
 11093 | D:10     | Noticed a catoblepas
 11577 | D:10     | Noticed Urug
 11581 | D:10     | Killed Urug
 12035 | D:11     | Noticed a six-headed hydra
 12044 | D:11     | HP: 3/95 [six-headed hydra (4)]
 12073 | D:11     | Gained mutation: You are robust. (+10% HP) [potion of mutation]
 12073 | D:11     | Gained mutation: You are clumsy. (Dex -2) [potion of mutation]
 12073 | D:11     | Gained mutation: You possess an exceptional clarity of mind. [potion of mutation]
 12073 | D:11     | Lost mutation: You are clumsy. (Dex -2) [potion of mutation]
 12080 | D:11     | HP: 5/104 [six-headed hydra (1)]
 12418 | D:11     | Banished a nine-headed hydra
 13115 | D:11     | Found a staircase to the Lair.
 13429 | D:11     | Noticed a red ugly thing
 13450 | D:10     | Killed a red ugly thing
 14349 | Lair:1   | Entered Level 1 of the Lair of Beasts
 14603 | Lair:1   | Reached XP level 12. HP: 89/115 MP: 21/21
 15040 | Lair:1   | Noticed Sonja
 15048 | Lair:1   | Killed Sonja
 15403 | Lair:2   | Found a hole to the Spider Nest.
 15427 | Lair:2   | Reached skill level 16 in Axes
 15512 | Lair:2   | Noticed a five-headed hydra
 15515 | Lair:2   | Banished a five-headed hydra
 15618 | Lair:2   | Found a staircase to the Swamp.
 15639 | Lair:2   | Reached skill level 10 in Fighting
 15864 | Lair:2   | Found a hide-covered altar of Uskayaw.
 16525 | Lair:3   | Noticed Rupert
 16534 | Lair:3   | Paralysed by Rupert for 3 turns
 16551 | Lair:3   | Killed Rupert
 17875 | Lair:4   | Found a frozen archway.
 17881 | Lair:4   | Reached XP level 13. HP: 63/126 MP: 23/23
 17979 | IceCv    | Entered an ice cave
 18541 | IceCv    | Reached skill level 10 in Armour
 18674 | IceCv    | Reached skill level 15 in Invocations
 19477 | IceCv    | Noticed a frost giant
 19482 | IceCv    | Reached ****** piety under Lugonu
 19494 | IceCv    | Reached skill level 17 in Axes
 19507 | IceCv    | Slain by a frost giant

Skill      XL: |  1  2  3  4  5  6  7  8  9 10 11 12 13 |
---------------+----------------------------------------+-----
Axes           | 4 5 6 8 9 11 14 15 16 17 | 17.0
Fighting       | 6 7 9 10 11 | 11.4
Armour         | 5 6 8 9 10 | 10.2
Invocations    | 6 9 12 14 15 | 15.3
Dodging        | |  0.7

Action                   |  1- 3 |  4- 6 |  7- 9 | 10-12 | 13-15 || total
-------------------------+-------+-------+-------+-------+-------++-------
Melee: Hand axe          |    93 |   282 |   386 |       |       ||   761
       Battleaxe         |       |       |    85 |   597 |   199 ||   881
       Demon trident     |       |       |       |     6 |       ||     6
Invok: Depart the Abyss  |     1 |       |       |       |       ||     1
       Banish            |       |       |     2 |     4 |     3 ||     9
       Bend Space        |       |       |       |     1 |       ||     1
Evoke: Wand              |       |       |       |     1 |       ||     1
  Use: Potion            |       |     2 |     5 |    12 |     2 ||    21
       Scroll            |       |       |    11 |    14 |     1 ||    26
 Stab: Sleeping          |       |       |       |     3 |       ||     3
       Paralysed         |       |       |       |     1 |       ||     1
  Eat: Chunk             |     3 |     8 |    14 |    26 |     5 ||    56
       Ration            |       |       |     1 |     3 |       ||     4
Armor: Leather armour    |    28 |       |       |       |       ||    28
       Ring mail         |     3 |    15 |       |       |       ||    18
       Chain mail        |       |   167 |   224 |   110 |       ||   501
       Skin              |       |       |    20 |    19 |    10 ||    49
       Troll leather arm |       |       |     8 |       |       ||     8
       Plate armour      |       |       |       |    77 |       ||    77
       Shadow dragon sca |       |       |       |   281 |     3 ||   284
       Scale mail        |       |       |       |       |   141 ||   141
Dodge: Dodged            |    62 |    99 |    89 |   231 |    95 ||   576
Block: Shield            |       |       |   116 |       |       ||   116
